 Dungeon Crawl Stone Soup version 0.28-a0-724-g66f9036eb4 (webtiles) character file.

Game seed: 14601853647288519010

0 meatgazer the Skirmisher (level 1, -41/18 HPs)
             Began as a Demonspawn Abyssal Knight on Oct 26, 2021.
             Was a Follower of Lugonu.
             Killed from afar by a lich (53 damage)
             ... with a bolt of cold
             ... on level 2 of the Abyss.
             The game lasted 00:00:25 (161 turns).

meatgazer the Skirmisher (Demonspawn Abyssal Knight) Turns: 161, Time: 00:00:27

Health: -41/18     AC:  3    Str: 13    XL:     1   Next: 0%
Magic:  2/2        EV: 11    Int: 11    God:    Lugonu [*.....]
Gold:   0          SH:  0    Dex: 13    Spells: 0/0 levels left

rFire   . . .      SeeInvis .   a - +1 spear
rCold   . . .      Faith    .   (no shield)
rNeg    . . .      Spirit   .   b - +0 leather armour
rPois   .          Reflect  .   (no helmet)
rElec   .          Harm     .   (no cloak)
rCorr   .          Rampage  .   (no gloves)
Will    .....                   (no boots)
Stlth   +.........              (no amulet)
HPRegen 0.00/turn               (no ring)
MPRegen 0.08/turn               (no ring)

@: sick, slowed, very slow
A: no striking features
a: Renounce Religion, Depart the Abyss


You were on level 2 of the Abyss.
You worshipped Lugonu.
Lugonu was aware of your devotion.
You visited 0 branches of the dungeon, and saw 0 of its levels.
You visited the Abyss 1 time.

Inventory:

Hand Weapons
 a - a +1 spear (weapon)
Armour
 b - a +0 leather armour (worn)


   Skills:
 + Level 3.0 Fighting
 + Level 1.7 Polearms
 + Level 1.7 Armour
 + Level 0.8 Dodging
 + Level 2.4 Invocations


You couldn't memorise any spells.
You didn't know any spells.
Your spell library was empty.

Dungeon Overview and Level Annotations

Branches:
Dungeon (0/15)

Altars:


Message History

Found a corrupted altar of Lugonu.
There is a gateway leading out of the Abyss here.
Found a gateway leading deeper into the Abyss.
There is a gateway leading deeper into the Abyss here.
You plunge deeper into the Abyss.
Found a corrupted altar of Lugonu.
Found a plate armour.
c - a scroll labelled ANEYPS ORAVI
As you read the scroll labelled ANEYPS ORAVI, it crumbles to dust.
Magic quickly surges around you.
It was a scroll of vulnerability.
Found a corrupted altar of Lugonu.
An ancient zyme comes into view.
You feel yourself growing ill in the presence of the ancient zyme.
An ancient zyme is nearby!
You feel ill.
You feel ill.
You feel ill.
A tentacled starspawn comes into view.
A tentacle flies out from the starspawn's body!
A starspawn tentacle comes into view.
The starspawn tentacle grabs you. The starspawn tentacle constricts you.
You escape the starspawn tentacle's grasp.
You feel your willpower return.
The lich shouts!
You hear a roar!
The lich casts a spell.
The lich flickers and vanishes!
Deactivating autopickup; reactivate with Ctrl-A.
Tentacles burst from the starspawn's body! 2 starspawn tentacles come into view.
The starspawn tentacle grabs you. The starspawn tentacle constricts you.
You escape the starspawn tentacle's grasp.
You feel ill.
You feel yourself slow down.
Tentacles burst from the starspawn's body!
You feel as though you will be slow longer.
You hear some strange, mumbled words.
A bolt of cold appears from out of thin air!
The bolt of cold hits you!!!
Ouch! That really hurt!
You die...

# .. .. #.#
...### ..#
#...###... ###
#...##.### #..
#.@##.#.# .#
#ยง#.#...#.#
#..#...##.#.#
##
...#..#.....#
..#
###.#..##{####
#.#
..#.##.#.#.##
.# #. ##
#...wX#.#. # .
#. # ##w..#..#
.## #.##x..#
#.


You could see a tentacled starspawn and 2 starspawn tentacles.

Vanquished Creatures (others)
  4 starspawn tentacles (Abyss:2)
4 creatures vanquished.

Notes
Turn   | Place    | Note
-------+----------+-------------------------------------------
     0 | Abyss:1  | meatgazer the Demonspawn Abyssal Knight began the quest for
                  | the Orb.
     0 | Abyss:1  | Reached XP level 1. HP: 18/18 MP: 2/2
     4 | Abyss:1  | Found a corrupted altar of Lugonu.
    30 | Abyss:2  | Found a corrupted altar of Lugonu.
   120 | Abyss:2  | Found a corrupted altar of Lugonu.
   124 | Abyss:2  | Noticed an ancient zyme
   135 | Abyss:2  | Noticed a tentacled starspawn
   141 | Abyss:2  | Noticed a lich
   161 | Abyss:2  | Killed from afar by a lich

Illustrated notes

Levels and vault maps discovered:
Abyss:2:  base:
Temple

Action                   || total
-------------------------++-------
  Use: Scroll            ||     1

Table legend: (Time is in decaauts)
 A = Elapsed time spent in this place.
 B = Non-inter-level travel time spent in this place.
 C = Inter-level travel time spent in this place.
 D = Time resting spent in this place.
 E = Time spent auto-exploring this place.
 F = Levels seen in this place.
 G = Mean time per level.
                   A        B        C        D        E       F      G
               +--------+--------+--------+--------+--------+-----+--------+
         Total |    160 |    160 |      0 |      0 |    107 |   2 |   80.0 |
         Abyss |    160 |    160 |      0 |      0 |    107 |   2 |   80.0 |
               +--------+--------+--------+--------+--------+-----+--------+

Top non-repeatable levels by time:
 Abyss:2: 133 daAuts
 Abyss:1: 27 daAuts
